 Dungeon Crawl Stone Soup version 0.26.1-2-gb8aa6d0cf2 (webtiles) character file.

Game seed: 9763956881970716189

1943 McKennaii the Thaumaturge (level 8, 0/41 HPs)
             Began as a Deep Elf Fire Elementalist on Feb 12, 2021.
             Was an Initiate of Vehumet.
             Slain by a lemure (7 damage)
             ... led by Pikel
             ... on level 6 of the Dungeon.
             The game lasted 00:15:09 (9380 turns).

McKennaii the Thaumaturge (DEFE)                    Turns: 9380, Time: 00:15:10

Health: 0/41       AC:  5    Str:  5    XL:     8   Next: 98%
Magic:  16/23      EV: 16    Int: 31    God:    Vehumet [......]
Gold:   362        SH:  0    Dex: 20    Spells: 17/26 levels left

rFire    . . .     SeeInvis .   u - +1 flail (protect)
rCold    x . .     Faith    .   (no shield)
rNeg     . . .     Spirit   .   C - +2 robe of the Flute {rC- Will- Int+8 Dex+5}
rPois    .         Reflect  .   (no helmet)
rElec    .         Harm     .   b - +0 cloak
rCorr    .         Rampage  .   (no gloves)
Will     .....                  (no boots)
Stlth    +++.......             (no amulet)
HPRegen  0.13/turn              t - ring of flight
MPRegen  0.18/turn              (no ring)

@: no status effects
A: no striking features
a: Renounce Religion, Evoke Flight


You were on level 6 of the Dungeon.
You worshipped Vehumet.
Vehumet was noncommittal.
You visited 2 branches of the dungeon, and saw 8 of its levels.
You also visited: Sewer.

You collected 362 gold pieces.

Inventory:

Hand Weapons
 u - a +1 flail of protection (weapon)
Armour
 a - a +0 robe
 b - a +0 cloak (worn)
 x - the +3 leather armour "Haepy" {rC+}
   (You found it on level 4 of the Dungeon)

   It protects you from cold.
 C - the +2 robe of the Flute (worn) {rC- Will- Int+8 Dex+5}
   (You took it off a centaur on level 6 of the Dungeon)

   It affects your intelligence (+8).
   It affects your dexterity (+5).
   It makes you vulnerable to cold.
   It affects your willpower, your defense against some magical effects.
Jewellery
 t - a ring of flight (left hand)
Wands
 w - a wand of acid (6)
 B - a wand of paralysis (12)
Scrolls
 h - 4 scrolls of remove curse
 i - 2 scrolls of fog {unknown}
 j - 2 scrolls of fear
 k - 3 scrolls of enchant weapon
 l - 2 scrolls of teleportation
 m - 3 scrolls of enchant armour {unknown}
 o - a scroll of magic mapping {unknown}
 s - 11 scrolls of identify
 y - a scroll of amnesia {unknown}
 A - a scroll of immolation {unknown}
Potions
 c - 3 potions of degeneration
 d - 2 potions of haste {unknown}
 e - 4 potions of flight
 f - 4 potions of curing
 g - 2 potions of mutation {unknown}
 n - 2 potions of attraction
 p - 2 potions of ambrosia {unknown}
 q - 4 potions of heal wounds {unknown}
 r - 4 potions of might {unknown}
 v - a potion of brilliance {unknown}
 z - a potion of berserk rage {unknown}


   Skills:
 + Level 0.2 Fighting
 + Level 1.5 Armour
 * Level 5.5 Dodging
 + Level 2.9 Stealth
 * Level 9.8 Spellcasting
 + Level 4.8 Conjurations
 * Level 7.5 Fire Magic
 + Level 1.0 Evocations


You had 17 spell levels left.
You knew the following spells:

 Your Spells              Type           Power        Failure   Level
a - Foxfire               Conj/Fire      100%         1%          1
b - Conjure Flame         Conj/Fire      52%          1%          3
c - Fireball              Conj/Fire      26%          8%          5

Your spell library contained the following spells:

 Spells                   Type           Power        Failure   Level
 Inner Flame              Hex/Fire       38%          2%          3
 Sticky Flame             Conj/Fire      52%          2%          4
 Beastly Appendage        Tmut           30%          3%          1
 Wereblood                Tmut           15%          4%          2
 Spider Form              Tmut/Pois      7%           10%         3
 Ice Form                 Ice/Tmut       15%          32%         4
 Blade Hands              Tmut           7%           67%         5


Dungeon Overview and Level Annotations

Branches:
Dungeon (7/15)             Temple (1/1) D:5           Sewer (visited)

Altars:
Ashenzari
Cheibriados
Dithmenos
Elyvilon
Fedhas
Gozag
Hepliaklqana
Kikubaaqudgha
Makhleb
Okawaru
Ru
Sif Muna
Uskayaw
Vehumet
Wu Jian
Xom
Yredelemnul
Zin
The Shining One

Annotations:
D:4 1 transporter, brucemayne's ghost, amateur HOMo
D:7 Pikel


Message History

Your foxfire dissipates!
The foxfire hits Pikel.
Pikel is moderately wounded.
Unknown command.
A bullfrog comes into view.
Pikel cracks his whip.
The bullfrog gives a loud, deep croak!
Pikel says, "You'll rot in Tartarus!"
The bullfrog hits you.
The bullfrog hits you but does no damage.
The bullfrog closely misses you.
Unknown command.
The bullfrog closely misses you.
There is a stone staircase leading up here.
The bullfrog hits you. The lemure closely misses you. The bullfrog hits you.
* * * LOW HITPOINT WARNING * * *
You climb upwards.
There is a stone staircase leading down here.
The lemure hits you!
You die...

#.###..##.##.##.#.#..###
#.##......##............
#.###.##..#####.###..##.
#.# #.##...# #.#.......
#.# #.##...####.#.#.##..
#.###.##................
#.....##..####..########
#####.5...#..#..#..#...#
#.F@.P#[)).(#..'...†
####..####..####...#
#...........##)##
##................
#..#######........
#..#..'..###)#..##
#..#..#..')).#..#.
#..#######...#..#)
#........#####..#)


You could see a lemure and a bullfrog.

Vanquished Creatures
  Grinder (D:3)
  Eustachio (D:5)
  Duvessa (D:4)
  An ice beast (D:5)
  A sky beast (D:6)
  2 centaurs
  3 lemures (D:7)
  A big kobold (Sewer)
  Blork the orc (D:4)
  Dowan (D:4)
  8 wights
  2 quasits (Sewer)
  An orc priest (D:4)
  A bullfrog zombie (D:6)
  A hound (D:4)
  A bullfrog skeleton (D:4)
  Ijyb (D:4)
  2 orc wizards
  4 worker ants
  A big kobold zombie (Sewer)
  2 worker ant zombies
  2 gnolls (D:4)
  3 adders
  2 shadow imps (Sewer)
  A white imp (D:3)
  5 ufetubi (Sewer)
  2 oozes (Sewer)
  An adder skeleton (D:5)
  3 worms (D:2)
  2 dart slugs
  A leopard gecko (D:5)
  20 orcs
  A ball python (Sewer)
  A bat zombie (Sewer)
  7 giant cockroaches
  10 goblins
  13 hobgoblins
  4 quokkas
  3 bats
  7 frilled lizards
  25 kobolds
  A kobold zombie (Sewer)
  4 rats
155 creatures vanquished.

Vanquished Creatures (collateral kills)
  A foxfire (D:3)
1 creature vanquished.

Vanquished Creatures (others)
  A kobold zombie (Sewer)
  910 foxfires
  5 plants (D:4)
916 creatures vanquished.

Grand Total: 1072 creatures vanquished

Notes
Turn   | Place    | Note
-------+----------+-------------------------------------------
     0 | D:1      | McKennaii the Deep Elf Fire Elementalist began the quest
                  | for the Orb.
     0 | D:1      | Reached XP level 1. HP: 10/10 MP: 6/6
   385 | D:1      | Reached XP level 2. HP: 15/15 MP: 6/8
  1268 | D:2      | Reached XP level 3. HP: 19/19 MP: 5/10
  2393 | D:3      | Noticed Grinder
  2494 | D:3      | Reached skill level 4 in Spellcasting
  2497 | D:3      | Reached XP level 4. HP: 24/24 MP: 6/12
  2787 | D:3      | Found a glowing drain.
  2797 | D:3      | Paralysed by Grinder for 6 turns
  2813 | D:3      | Killed Grinder
  2814 | D:3      | Reached skill level 5 in Spellcasting
  2814 | D:3      | Reached skill level 5 in Fire Magic
  2814 | D:3      | Reached XP level 5. HP: 28/28 MP: 3/14
  2814 | D:3      | Reached XP level 6. HP: 32/32 MP: 3/16
  3038 | Sewer    | Entered a sewer
  3613 | Sewer    | Found a burning altar of Makhleb.
  3719 | Sewer    | Reached skill level 6 in Spellcasting
  3877 | Sewer    | Reached XP level 7. HP: 36/36 MP: 12/19
  4213 | D:3      | You fall into a shaft and drop 2 floors!
  4213 | D:5      | Entered Level 5 of the Dungeon
  4264 | D:5      | Found an ornate altar of the Wu Jian Council.
  4264 | D:5      | Found a hide-covered altar of Uskayaw.
  4269 | D:5      | Found a snail-covered altar of Cheibriados.
  4279 | D:5      | Reached skill level 7 in Spellcasting
  4681 | D:5      | Noticed Eustachio
  4769 | D:5      | Learned a level 3 spell: Conjure Flame
  4775 | D:5      | Learned a level 5 spell: Fireball
  4799 | D:5      | Found a staircase to the Ecumenical Temple.
  4804 | D:5      | Found a hazy altar of Hepliaklqana.
  4807 | Temple   | Entered the Ecumenical Temple
  5137 | D:5      | Found a radiant altar of Vehumet.
  5179 | D:5      | Became a worshipper of Vehumet
  5668 | D:4      | Noticed Duvessa
  5671 | D:4      | Noticed Dowan
  5690 | D:4      | Killed Duvessa
  5691 | D:4      | Killed Dowan
  6067 | D:3      | Found a burning altar of Makhleb.
  6067 | D:3      | Found a shimmering altar of Xom.
  6100 | D:3      | Paralysed by a crimson imp for 7 turns
  6338 | D:4      | Noticed Ijyb
  6343 | D:4      | Killed Ijyb
  6346 | D:4      | Reached XP level 8. HP: 23/41 MP: 14/21
  6364 | D:4      | Noticed Blork the orc
  6368 | D:4      | Killed Blork the orc
  6369 | D:4      | Reached skill level 8 in Spellcasting
  6620 | D:4      | Noticed brucemayne's ghost (amateur HOMo)
  6674 | D:4      | Got a warped leather armour
  6685 | D:4      | Identified the +3 leather armour "Haepy" {rC+} (You found
                  | it on level 4 of the Dungeon)
  6807 | D:4      | Found a transporter.
  6808 | D:4      | Found a transporter.
  7434 | D:5      | Killed Eustachio
  7435 | D:5      | Reached skill level 5 in Dodging
  7796 | D:6      | Reached skill level 9 in Spellcasting
  7846 | D:6      | Identified the +2 robe of the Flute {rC- Will- Int+8 Dex+5}
  8189 | D:6      | Reached skill level 1 in Armour
  8953 | D:7      | Reached skill level 1 in Evocations
  9240 | D:7      | Found a hazy altar of Hepliaklqana.
  9334 | D:7      | Noticed Pikel
  9380 | D:6      | Slain by a lemure

Illustrated notes

Levels and vault maps discovered:
D:1:      nzn_arrival_water_spiral, layout_basic
D:2:      layout_basic, minmay_pentomino_r4
D:3:      layout_basic, grunt_temple_overflow_champion_of_chaos, tgw_trog,
          gup_sewer_entry_glass, hex_medium, uniq_grinder
D:4:      layout_rooms, gammafunk_ghost_gnarly_gnolls, minmay_close_crescents,
          uniq_blork_the_orc, uniq_ijyb, uniq_duvessa
D:5:      layout_loops_ring, nicolae_overflow_crystal_walls,
          chequers_temple_overflow_statue_of_worship,
          minmay_temple_entry_statues_fountains, basic_altar, uniq_eustachio
D:6:      corexii_shack_village, layout_loops_ring
D:7:      layout_rooms, overflow_temple_1_default, lemuel_doored_altar,
          kennysheep_little_box, uniq_pikel
Temple:   hc_temple_tempest_star

Skill      XL: |  1  2  3  4  5  6  7  8 |
---------------+-------------------------+-----
Fire Magic     | 4 5 6 7 |  7.5
Dodging        | 3 4 5 |  5.5
Spellcasting   | 4 5 6 7 9 |  9.8
Conjurations   | 2 3 4 |  4.8
Armour         | 1 |  1.5
Evocations     | 1 |  1.0
Fighting       | |  0.2
Stealth        | |  2.9

Action                   |  1- 3 |  4- 6 |  7- 9 || total
-------------------------+-------+-------+-------++-------
Melee: Unarmed           |       |     1 |     4 ||     5
       Flail             |       |       |    39 ||    39
 Cast: Foxfire           |   131 |   150 |   309 ||   590
Evoke: Wand              |       |       |     1 ||     1
  Use: Potion            |       |       |     5 ||     5
       Scroll            |       |       |     5 ||     5
Armor: Robe              |     8 |    11 |    30 ||    49
       Leather armour    |       |       |     8 ||     8
Dodge: Dodged            |     9 |    20 |   100 ||   129
